Unix NetHack Version 5.0.0-0 post-release - last build May 31 2026 23:59:36 (970b52f25bf058293b47ddfd14a1e40e571c508c,branch:main).

Game began 2026-06-05 01:20:34, ended 2026-06-05 01:52:00.

Jobair, lawful male dwarven Archeologist

                                                      ---------         -----
    ---------------                                  --.......------  ---..<|
    |.............|      -------                     |..--.........|---.....|
    ||----.--|---)--     |....>|                     |..|---------.|....|..--
    |..-.|.-|...|..|  ---|....--  ------             |..|     ----.....-|.--
    |..|--..-|--|..|---..|..---   |"...|            --..|  ---|.........|--
    ||--........--|-.....-|---    |.|..|           --...----..|)...|.----
    |................--......-----|.|..|        ----.....|....|..-----
    --..--)--------..|-.......||....|---      ---.............|..|
    --..|....)....|--|....{...||..|.|         .......).---....|.--
    |[).|)%*.*+*[(|  |.......--|..|.|         .....|...|......|.|
    ---------------  |--....------|.|      .---...-------....----
     |.......| ------|....|...|..--%|...- -..|...--     --...|
     -------.| |((..|-...---........|....-|.....--       -----
       |...|.| |(.(.-...--....--..[.......|-..---
       |...|.| |%...|-...|...-|..)[...G...|.....
  -------|--.| ------|e@Z.....|..--.........-----
  |....|.....--------|.d..|...|--- -.......--
  ||-..-..{...|......--...|..--    ---...---
  |(|..|........----.....-----       -----
  ---------------  -------
Jobair the Field Worker    St:12 Dx:11 Co:18 In:12 Wi:15 Ch:10  Lawful
Dlvl:7  $:21 HP:0(45) Pw:12(12) AC:3  Xp:4 T:3354  Burdened

Latest messages:
 The straw golem misses!
 The straw golem hits!
 You lash the straw golem.
 The straw golem hits!
 The straw golem hits again!
 The straw golem misses!
 The straw golem hits!
 You lash the straw golem.
 The straw golem hits!
 The straw golem hits again!
 You lash the straw golem.
 The straw golem hits!
 The straw golem misses!
 You destroy the straw golem!
 In what direction? 4
 Snap!
 In what direction? 4
 You flick your bullwhip towards the floating eye.
 You lash the floating eye.
 You are frozen by the floating eye's gaze!
 You hear the chime of a cash register.
 Godzilla bites the floating eye.
 Godzilla is frozen by the floating eye's gaze!
 You hear some noises in the distance.
 You hear crashing rock.
 Godzilla misses the floating eye.
 Godzilla is frozen by the floating eye's gaze!
 You hear crashing rock.
 The dwarf zombie hits!
 The dwarf zombie hits!
 The dwarf zombie hits!
 The dwarf zombie hits!
 The dwarf zombie hits!
 The dwarf zombie hits!
 The dwarf zombie hits!
 The dwarf zombie hits!
 The dwarf zombie hits!
 The dwarf zombie hits!
 The dwarf zombie hits!
 The dwarf zombie hits!
 The dwarf zombie hits!
 The dwarf zombie hits!
 The dwarf zombie hits!
 The dwarf zombie hits!
 You die...
 Do you want your possessions identified? [ynq] (y) y
 Do you want to see your attributes? [ynq] (y) y
 Do you want an account of creatures vanquished? [ynaq] (y) y
 Do you want to see your conduct and achievements? [ynq] (y) y
 Do you want to see the dungeon overview? [ynq] (y) y

Inventory:
 Coins    ('$')
  $ - 21 gold pieces
 Weapons  (')')
  m - a +0 elven bow (alternate weapon; not wielded)
  L - a +0 dagger
  O - a +1 elven dagger
  a - a +2 bullwhip (weapon in right hand)
  x - a +0 scimitar
 Armor    ('[')
  v - an uncursed +0 helm of brilliance (being worn)
  F - an uncursed +0 pair of kicking boots (being worn)
  D - a blessed +2 dwarvish roundshield (being worn)
  E - an uncursed +0 dwarvish cloak (being worn)
  h - an uncursed +0 leather jacket (being worn)
 Comestibles  ('%')
  W - 2 uncursed food rations
  X - 2 uncursed melons
 Potions  ('!')
  Y - a potion of holy water
 Wands    ('/')
  Z - a wand of opening (0:4)
  B - a wand of slow monster (0:7)
  t - a wand of teleportation (0:7)
 Tools    ('(')
  b - an uncursed bag of holding containing 12 items
  P - an uncursed sack containing 1 item
  S - an uncursed figurine of a scorpion
  Q - an uncursed lock pick
  i - a magic marker (0:19)
  R - an uncursed stethoscope
  f - a tinning kit (0:41)
 Gems/Stones  ('*')
  d - an uncursed jade stone
  c - an uncursed sapphire
  A - an uncursed worthless piece of green glass
  e - an uncursed worthless piece of yellow glass
  g - an uncursed touchstone

Contents of the bag of holding:
  an uncursed +0 fedora
  an uncursed +0 orcish helm
  a blessed +0 pair of iron shoes
  6 uncursed food rations
  an uncursed tripe ration
  an uncursed scroll of charging
  an uncursed scroll of enchant weapon
  an uncursed scroll of genocide
  an uncursed scroll of identify
  a blessed potion of invisibility
  an uncursed leash
  an uncursed worthless piece of violet glass

Contents of the sack:
  a +0 pick-axe

Jobair the Archeologist's attributes:

Background:
 You were a Field Worker, a level 4 male dwarven Archeologist.
 You were lawful, nominally on a mission for Quetzalcoatl
 who was opposed by Camaxtli (neutral) and Huhetotl (chaotic).
 You were right-handed.
 You were in the Gnomish Mines, on level 7.
 You entered the dungeon 3354 turns ago.
 It was nighttime.
 You had 91 experience points, 69 more were needed to attain level 5.

Basics:
 You had 0 out of 45 hit points.
 You had all 12 energy points (spell power).
 Your armor class was 3.
 Your wallet contained 21 zorkmids.
 Autopickup was off.

Final Characteristics:
 Your strength was 12 (limit:18/100).
 Your dexterity was 11 (limit:20).
 Your constitution was 18 (limit:20).
 Your intelligence was 12 (limit:16).
 Your wisdom was 15 (limit:16).
 Your charisma was 10 (limit:16).

Final Status:
 You weren't hungry.
 You were burdened; movement was slightly slowed.
 You were wielding a whip.
 You had basic skill with whip.

Final Attributes:
 You were piously aligned.
 Your items were somewhat protected from fire.
 Your items were somewhat protected from cold.
 You had automatic searching.
 You had infravision.
 You were warded.
 You are dead.

Miscellaneous:
 You encountered 1 bones level.
 Total elapsed playing time was 31 minutes and 25 seconds.

Major events:
 Turn
    1: Jobair the lawful male dwarven Archeologist entered the dungeon
 1093: entered the Gnomish Mines
 1556: attained the rank of Field Worker (level 3)
 2187: reached Mine Town
 3354: killed by a dwarf zombie, while frozen by a floating eye's gaze

You didn't know any spells.

Skills:
 Fighting Skills
   bare handed combat [Unskilled]
   two weapon combat  [Unskilled]
   riding             [Unskilled]
 Weapon Skills
   dagger             [Unskilled]
   knife              [Unskilled]
   pick-axe           [Basic]
   short sword        [Unskilled]
   saber              [Unskilled]
   club               [Unskilled]
   quarterstaff       [Unskilled]
   sling              [Unskilled]
   dart               [Unskilled]
   boomerang          [Unskilled]
   whip               [Basic]
   unicorn horn       [Unskilled]
 Spellcasting Skills
   attack spells      [Unskilled]
   healing spells     [Unskilled]
   divination spells  [Unskilled]
   matter spells      [Unskilled]

Voluntary challenges:
 Character rerolling was not enabled.
 You were an atheist.
 You never genocided any monsters.
 You never polymorphed an object.
 You never changed form.
 You used no wishes.
Achievements:
 You entered the Gnomish Mines.
 You attained the rank of Field Worker.
 You entered Minetown.
 You entered a shop.

 The Dungeons of Doom: levels 1 to 4
    Level 1:
       A fountain.
    Level 2:
       A fountain.
    Level 3:
       Some sinks.
       Stairs down to The Gnomish Mines.
    Level 4:
       Final resting place for
          Trystero-Wiz-Gno-Fem-Neu, killed by a rothe, while frozen by a floating eye's gaze.
 The Gnomish Mines: levels 4 to 7
    Level 4:
    Level 5:
    Level 6:
    Level 7: <- You were here.
       Some shops, some fountains.
       Final resting place for
          you, killed by a dwarf zombie, while frozen by a floating eye's gaze.


Vanquished creatures:
  2 watchmen
 an imp
  a violet fungus
  3 gnome leaders
  2 gnomish wizards
  a straw golem
  a dwarf
  a dwarf zombie
  2 iguanas
  2 acid blobs
  a hobbit
  3 manes
  a large kobold
  2 hobgoblins
  2 giant rats
  2 cave spiders
  a green mold
 17 gnomes
  a gecko
  a jackal
  a goblin
  3 grid bugs
  3 lichens
  a kobold zombie
  6 newts
61 creatures vanquished.

No species were genocided or became extinct.

Game over:
                       ----------
                      /          \
                     /    REST    \
                    /      IN      \
                   /     PEACE      \
                  /                  \
                  |      Jobair      |
                  |      21 Au       |
                  |   killed by a    |
                  |   dwarf zombie   |
                  |                  |
                  |                  |
                  |       2026       |
                 *|     *  *  *      | *
        _________)/\\_//(\/(/\)/\//\/|_)_______

Goodbye Jobair the Archeologist...

You died in The Gnomish Mines on dungeon level 7 with 683 points,
and 21 pieces of gold, after 3354 moves.
You were level 4 with a maximum of 45 hit points when you died.

